 Dungeon Crawl Stone Soup version 0.15.2 (webtiles) character file.

46223 Heini the Bludgeoner (level 14, -3/134 (135) HPs)
             Began as a Minotaur Fighter on Mar 7, 2015.
             Was the Champion of Okawaru.
             Slain by a very large slime creature (34 damage)
             ... on Level 15 of the Dungeon.
             The game lasted 00:51:20 (15409 turns).

Heini the Bludgeoner (Minotaur Fighter)            Turns: 15409, Time: 00:51:20

HP  -3/134 (135) AC 41     Str 25      XL: 14   Next:  4%
MP   6/6         EV  3     Int  8      God: Okawaru [******]
Gold 1418        SH 12     Dex 11      Spells:  1 memorised, 11 levels left

rFire  . . .     SeeInvis .     G - +3 eveningstar (crush)
rCold  . . .     Clarity  +     V - +8 orange crystal plate armour {Archmagi, Int+3 Clar SustAb}
rNeg   . . .     rCorr    .     b - +2 shield {AC+3}
rPois  +         rRot     .     v - +2 hat
rElec  .         Spirit   .     t - +0 cloak of Phuxku {rPois MR++}
SustAb +         Warding  .     (no gloves)
rMut   +         Stasis   .     c - +1 pair of boots {Stlth+}
Gourm  .                        B - amulet of resist mutation
MR     +++..                    Q - ring of wizardry
                                f - +2 ring of slaying

@: extremely resistant to hostile enchantments, extremely unstealthy
A: retaliatory headbutt, horns 2
a: Heroism, Finesse, Renounce Religion


You were on level 15 of the Dungeon.
You worshipped Okawaru.
Okawaru was exalted by your worship.
You were hungry.

You visited 2 branches of the dungeon, and saw 16 of its levels.
You also visited: Ossuary, Bailey and Ice Cave.

You collected 1418 gold pieces.

Inventory:

Hand weapons
 G - a +3 eveningstar of crushing (weapon)
Armour
 b - a +2 shield of protection (worn)
 c - a +1 pair of boots of stealth (worn)
 t - the +0 cloak of Phuxku (worn) {rPois MR++}
   (You acquired it on level 9 of the Dungeon)

   It protects you from poison.
   It affects your resistance to hostile enchantments.
 v - a +2 hat (worn)
 V - the cursed +8 orange crystal plate armour (worn) {Archmagi, Int+3 Clar SustAb}
   (You took it off a kobold in a bailey)

   It affects your intelligence (+3).
   It sustains your strength, intelligence and dexterity.
   It protects you against confusion.
   It has a curse placed upon it.
Magical devices
 u - a wand of flame (8) {unknown}
 K - a wand of frost (12)
 N - a wand of disintegration (15)
 O - a wand of cold (1)
 P - a wand of fire (5)
 R - a wand of magic darts (0) {unknown}
 S - a wand of lightning (3) {unknown}
 W - a wand of disintegration (6)
 Y - a wand of paralysis (8) {unknown}
Comestibles
 d - 13 bread rations
 j - 9 slices of pizza
 m - 8 fruits
 n - 5 beef jerkies
 w - 6 meat rations
 T - a royal jelly
Scrolls
 h - a scroll of enchant armour
 o - 2 scrolls of enchant weapon
 p - 2 scrolls of amnesia
 q - a scroll of fear
 y - 3 scrolls of fog
 z - a scroll of blinking
 C - 2 scrolls of recharging
 E - 4 scrolls of teleportation
 F - 10 scrolls of identify
 I - 4 scrolls of remove curse
 U - 3 scrolls of magic mapping
Jewellery
 f - a +2 ring of slaying (left hand)
 B - an amulet of resist mutation (around neck)
 Q - a ring of wizardry (right hand)
Potions
 e - 3 potions of might
 g - 6 potions of brilliance
 i - 3 potions of restore abilities
 k - 6 potions of heal wounds
 r - 5 potions of haste
 s - a potion of porridge
 A - a potion of resistance {unknown}
 D - a potion of cancellation
 H - a potion of beneficial mutation
 J - 3 potions of agility
 M - 2 potions of magic
 Z - a potion of cure mutation
Rods
 x - a +0 rod of the swarm (14/14)
   (You found it on level 14 of the Dungeon)


   Skills:
 * Level 15.1 Fighting
 * Level 18.0 Maces & Flails
 * Level 15.6 Armour
 - Level 3.6 Shields
 + Level 0.6 Evocations


You had 11 spell levels left.
You knew the following spells:

 Your Spells              Type           Power        Failure   Level  Hunger
a - Blink                 Tloc           N/A          100%        2    ###....


Dungeon Overview and Level Annotations

Branches:
Dungeon (15/15)            Temple (1/1) D:6             Orc (0/4) D:9
   Lair (0/8) D:9          Vaults (0/5) D:13
 Depths: D:15

Altars:
Ashenzari
Cheibriados
Dithmenos
Elyvilon
Fedhas
Kikubaaqudgha
Makhleb
Nemelex Xobeh
Okawaru
Qazlal
Sif Muna
Trog
Vehumet
Xom
Yredelemnul
Zin
The Shining One

Shops:
D:6 =   D:9 *   D:12 =

Portals:
Trove: D:10 (show horn of Geryon)


Innate Abilities, Weirdness & Mutations

You reflexively headbutt those who attack you in melee.
You have a pair of horns on your head.


Message History

You hit the very large slime creature.
Your headbutt misses the very large slime creature.
The very large slime creature is moderately wounded.
The boggart casts a spell.
The very large slime creature hits you!!
You bludgeon the very large slime creature!!
Your headbutt misses the very large slime creature.
The very large slime creature is heavily wounded.
The very large slime creature hits you!!!
You sock the very large slime creature!
The very large slime creature is severely wounded.
The very large slime creature hits you!!
* * * LOW HITPOINT WARNING * * *
You are too injured to fight recklessly!
You are too injured to fight recklessly!
Unknown command.
You are too injured to fight recklessly!
The golden eye blinks at you.
You feel momentarily confused.
The very large slime creature hits you!!
You die...

... #. #.# #... #.#
#.. #.# #### #.G
#.####..## #.####
#..##....###C%..#
####..'.......###g.#
.....###....#..##J##
...### ##).###..@.(#
##.# #### #..#.##
#.# #.#########
#.######...##.##.##
#..........#.##...#
########..........#
#########..##...#
........<..######
.#########.#


You could see a very large slime creature and a boggart.

Vanquished Creatures
  A frost giant (IceCv)
  5 vault guards
  A rakshasa (D:15)
  Harold (D:14)
  2 hydras (D:13)
  Nessos (D:13)
  Erica (D:11)
  2 centaur warriors
  A tengu warrior (D:13)
  The ghost of Kite the Severer, an experienced MiBe of Trog (Bailey)
  Urug (D:11)
  5 skeletal warriors (D:14)
  6 hill giants
  Erolcha (D:11)
  An ice statue (IceCv)
  2 unseen horrors
  2 ugly things
  2 cyclopes
  A yaktaur (shapeshifter) (D:15)
  Psyche (D:13)
  A kobold demonologist (D:13)
  12 trolls
  4 two-headed ogres
  14 polar bears (IceCv)
  A hydra zombie (D:13)
  A polar bear (shapeshifter) (D:15)
  Sonja (D:10)
  A merfolk (shapeshifter) (D:15)
  A slime creature (D:14)
  A griffon zombie (D:13)
  A basilisk (D:12)
  4 ravens (D:13)
  A wraith (D:12)
  A wyvern (D:9)
  2 shadows
  A griffon skeleton (D:13)
  A human (D:8)
  10 yaks
  3 deep elf magi
  A hog (shapeshifter) (D:15)
  A trapdoor spider (D:13)
  Eustachio (D:4)
  A hog (D:8)
  A steam dragon (D:9)
  3 hippogriffs
  5 hungry ghosts
  Edmund (D:4)
  4 mottled dragons
  4 vampire mosquitoes
  9 ice beasts
  13 wolves (IceCv)
  A water moccasin (D:12)
  4 phantoms
  5 necrophages (D:12)
  11 orc warriors
  5 ogres
  2 black bears
  3 sky beasts
  4 boggarts (D:15)
  18 centaurs
  A boring beetle (shapeshifter) (D:12)
  Sigmund (D:6)
  2 big kobolds
  Blork the orc (D:4)
  7 giant frogs
  A gnoll sergeant (D:11)
  2 cyclops zombies
  A wyvern skeleton (D:7)
  3 eyes of draining
  A yak zombie (D:10)
  5 scorpions
  A troll zombie (D:13)
  15 killer bees
  7 crimson imps
  6 hounds
  A centaur zombie (D:11)
  A quasit (D:6)
  2 giant frog zombies
  6 orc priests
  3 jellies
  2 basilisk skeletons
  13 orc wizards
  9 worker ants
  9 iguanas
  6 sheep
  A mottled dragon zombie (D:12)
  A crocodile zombie (D:7)
  A hound zombie (D:7)
  9 mummies
  11 gnolls
  15 adders
  2 shadow imps
  3 giant mites
  12 white imps (D:13)
  A gnoll skeleton (D:3)
  5 giant geckos
  52 orcs
  18 bats
  15 goblins
  15 hobgoblins
  13 jackals
  3 quokkas
  3 ball pythons
  5 giant cockroaches
  A giant gecko skeleton (D:4)
  6 giant newts
  A giant spore (D:11)
  2 gnoll zombies (Ossuary)
  2 hobgoblin zombies (Ossuary)
  35 kobolds
  A kobold zombie (D:8)
  An orc skeleton (D:9)
  8 orc zombies
  A quokka skeleton (D:4)
  14 rats
  2 rat zombies
  26 ballistomycetes
  A bush (D:12)
  2 fungi (D:9)
  A plant (D:12)
591 creatures vanquished.

Vanquished Creatures (others)
  An orc warrior (D:11)
  2 giant spores
  A fungus (D:9)
  2 plants
6 creatures vanquished.

Grand Total: 597 creatures vanquished

Notes
Turn   | Place    | Note
--------------------------------------------------------------
     0 | D:1      | Heini, the Minotaur Fighter, began the quest for the Orb.
     0 | D:1      | Reached XP level 1. HP: 19/19 MP: 1/1
    75 | D:1      | Reached skill level 4 in Fighting
   258 | D:1      | Reached XP level 2. HP: 27/27 MP: 1/1
   647 | D:2      | Reached XP level 3. HP: 32/34 MP: 2/2
   685 | D:2      | Reached XP level 4. HP: 15/41 MP: 2/2
  1396 | D:2      | Found a snail-covered altar of Cheibriados.
  1561 | D:2      | Found a shadowy altar of Dithmenos.
  1563 | D:2      | Found a white marble altar of Elyvilon.
  1856 | D:3      | Found a blossoming altar of Fedhas.
  1873 | D:3      | Reached skill level 5 in Fighting
  1873 | D:3      | Reached skill level 5 in Armour
  1873 | D:3      | Reached XP level 5. HP: 37/48 MP: 2/2
  2285 | D:4      | Noticed Edmund
  2302 | D:4      | Killed Edmund
  2302 | D:4      | Reached XP level 6. HP: 43/56 MP: 3/3
  2384 | D:4      | Found a radiant altar of Vehumet.
  2603 | D:4      | Reached skill level 6 in Armour
  2896 | D:4      | Reached skill level 5 in Maces & Flails
  3114 | D:4      | Found a shattered altar of Ashenzari.
  3119 | D:4      | Reached XP level 7. HP: 55/63 MP: 3/3
  3272 | D:4      | Noticed Eustachio
  3281 | D:4      | Killed Eustachio
  3281 | D:4      | Reached skill level 7 in Armour
  3362 | D:4      | Noticed Blork the orc
  3367 | D:4      | Killed Blork the orc
  3641 | D:5      | Entered Level 5 of the Dungeon
  3698 | D:5      | Found an ancient bone altar of Kikubaaqudgha.
  3792 | D:5      | Reached XP level 8. HP: 70/73 MP: 3/3
  3907 | D:5      | Reached skill level 8 in Armour
  4202 | D:6      | Found a staircase to the Ecumenical Temple.
  4235 | Temple   | Entered the Ecumenical Temple
  4278 | Temple   | Became a worshipper of Warmaster Okawaru
  4437 | D:6      | Found Cozoz's Jewellery Shoppe.
  4498 | D:6      | Found a sand-covered staircase.
  4512 | Ossuary  | Entered an ossuary
  4610 | Ossuary  | Reached skill level 9 in Armour
  4825 | D:6      | Noticed Sigmund
  4834 | D:6      | Killed Sigmund
  4836 | D:6      | Acquired Okawaru's first power
  4842 | D:6      | Found a shadowy altar of Dithmenos.
  5117 | D:6      | Reached XP level 9. HP: 76/81 MP: 4/4
  5729 | D:8      | Reached skill level 10 in Armour
  5894 | D:8      | Found a deep blue altar of Sif Muna.
  5938 | D:8      | Reached skill level 10 in Maces & Flails
  6383 | D:8      | Reached XP level 10. HP: 57/92 MP: 4/4
  6665 | D:9      | Reached skill level 11 in Maces & Flails
  6675 | D:9      | Found a staircase to the Lair.
  6681 | D:9      | Reached skill level 10 in Fighting
  6857 | D:9      | Found a sparkling altar of Nemelex Xobeh.
  6864 | D:9      | Noticed a brown ugly thing
  6873 | D:9      | Killed a brown ugly thing
  6900 | D:9      | Received a gift from Okawaru
  7094 | D:9      | Identified a scroll of acquirement
  7097 | D:9      | Got a transparent cloak
  7108 | D:9      | Identified the +0 cloak of Phuxku {rPois MR++} (You acquired it on level 9 of the Dungeon)
  7200 | D:9      | Found a glowing silver altar of Zin.
  7201 | D:9      | Found Zin's Purification Station.
  7402 | D:9      | Found a staircase to the Orcish Mines.
  7555 | D:9      | Reached skill level 12 in Maces & Flails
  7631 | D:10     | Entered Level 10 of the Dungeon
  7654 | D:10     | Acquired Okawaru's second power
  7965 | D:10     | Killed an unseen horror
  7992 | D:10     | Noticed Sonja
  8065 | D:10     | Killed Sonja
  8109 | D:10     | Reached XP level 11. HP: 71/102 MP: 5/5
  8354 | D:10     | Noticed a vault guard
  8363 | D:10     | Killed a vault guard
  8363 | D:10     | Received a gift from Okawaru
  8382 | D:10     | Found a portal to a secret trove of treasure.
  8974 | D:11     | Noticed Urug
  8991 | D:11     | Killed Urug
  8991 | D:11     | Reached skill level 13 in Maces & Flails
  9029 | D:11     | Noticed Erica
  9064 | D:11     | Killed Erica
  9312 | D:11     | Found a flagged portal.
  9355 | Bailey   | Entered a bailey
  9614 | Bailey   | Noticed Kite's ghost (experienced MiBe)
  9637 | Bailey   | Killed Kite's ghost
  9818 | Bailey   | Found a bloodstained altar of Trog.
  9901 | D:11     | Noticed a hill giant
  9912 | D:11     | Killed a hill giant
 10055 | D:11     | Noticed Erolcha
 10073 | D:11     | Killed Erolcha
 10263 | D:11     | Killed an unseen horror
 10263 | D:11     | Reached skill level 14 in Maces & Flails
 10801 | D:11     | Received a gift from Okawaru
 10897 | D:12     | Received a gift from Okawaru
 10897 | D:12     | Reached XP level 12. HP: 111/113 MP: 6/6
 10995 | D:12     | Found Umeru's Jewellery Boutique.
 11135 | D:12     | Found a blossoming altar of Fedhas.
 11516 | D:12     | Learned a level 2 spell: Blink
 11806 | D:13     | Found a frozen archway.
 11850 | IceCv    | Entered an ice cave
 11857 | IceCv    | Reached skill level 15 in Maces & Flails
 12430 | IceCv    | Noticed a frost giant
 12491 | IceCv    | Killed a frost giant
 12493 | IceCv    | Received a gift from Okawaru
 12509 | IceCv    | Got a shimmering chain mail {god gift}
 12532 | IceCv    | Reached skill level 16 in Maces & Flails
 12957 | D:13     | Reached XP level 13. HP: 120/122 MP: 6/6
 13070 | D:13     | Noticed a five-headed hydra
 13093 | D:13     | Killed a five-headed hydra
 13099 | D:13     | Reached skill level 15 in Armour
 13234 | D:13     | Noticed an eight-headed hydra
 13241 | D:13     | Killed an eight-headed hydra
 13474 | D:13     | Found a gate to the Vaults.
 13474 | D:13     | Noticed a vault guard
 13475 | D:13     | Noticed a vault guard
 13475 | D:13     | Noticed a centaur warrior
 13475 | D:13     | Noticed a vault guard
 13475 | D:13     | Noticed a vault guard
 13475 | D:13     | Noticed Nessos
 13484 | D:13     | Killed a centaur warrior
 13499 | D:13     | Killed a vault guard
 13505 | D:13     | Killed a vault guard
 13525 | D:13     | Killed a vault guard
 13528 | D:13     | Killed a vault guard
 13528 | D:13     | Reached skill level 17 in Maces & Flails
 13550 | D:13     | Killed Nessos
 13569 | D:13     | Received a gift from Okawaru
 13832 | D:13     | Noticed Psyche
 13839 | D:13     | Killed Psyche
 14102 | D:14     | Received a gift from Okawaru
 14317 | D:14     | Found a white marble altar of Elyvilon.
 14366 | D:14     | Noticed Harold
 14379 | D:14     | Killed Harold
 14379 | D:14     | Reached skill level 15 in Fighting
 14416 | D:14     | Found a shimmering altar of Xom.
 15322 | D:15     | Entered Level 15 of the Dungeon
 15380 | D:15     | Reached skill level 18 in Maces & Flails
 15380 | D:15     | Reached XP level 14. HP: 134/134 MP: 6/6
 15409 | D:15     | Slain by a very large slime creature

Action                   |  1- 3 |  4- 6 |  7- 9 | 10-12 | 13-15 || total
-------------------------+-------+-------+-------+-------+-------++-------
Melee: Flail             |    86 |   141 |   319 |   979 |   193 ||  1718
       Eveningstar       |       |       |       |       |   177 ||   177
Evoke: Wand              |       |       |     2 |     1 |       ||     3
  Use: Scroll            |       |     9 |    14 |     5 |     4 ||    32
       Potion            |       |       |     1 |     5 |       ||     6
  Eat: Chunk             |       |     7 |    12 |    22 |     8 ||    49
